Map: Ever Dream LE

Players

CaptinFalcon

  • Race: Terran Terran
  • League: Diamond
  • Spawn Location: 1:00

VOD

Have the link to the VOD?

Description

Time

  • Played on: April 29, 2020, 4:41 p.m.
  • Length: 14:48
Show
View Real Time Build Order
Export as new Build Order

CaptinFalcon Terran 

Build Orders:  

Get SALT Encoding   

  12  0:01  SCV  
  13  0:18  SCV  
  14  0:23  Supply Depot  
  14  0:34  SCV  
  15  0:53  SCV  
  15  0:54  Barracks  
  16  1:00  Refinery  
  16  1:10  SCV  
  17  1:27  SCV  
  18  1:44  SCV  
  19  2:01  Orbital Command  
  19  2:05  Reaper  
  20  2:17  Command Center  
  20  2:30  Supply Depot  
  20  2:36  SCV  
  21  2:42  Refinery  
  21  2:45  Marine  
  22  2:53  SCV  
  23  3:03  Factory  
  23  3:10  SCV  
  23  3:16  Barracks Reactor  
  24  3:27  SCV  
  25  3:44  SCV  
  26  3:57  Orbital Command  
  26  4:01  SCV  
  26  4:03  Factory Tech Lab  
  26  4:07  Starport, Marine x2  
  29  4:18  SCV  
  30  4:29  Siege Tank  
  33  4:32  Marine x2  
  33  4:33  SCV  
  33  4:35  SCV  
  33  4:39  Supply Depot  
  37  4:50  SCV  
  37  4:52  SCV  
  37  4:57  Starport Tech Lab, Marine x2  
  41  5:07  SCV  
  41  5:09  SCV  
  43  5:11  Supply Depot  
  43  5:14  Siege Tank  
  46  5:22  Marine x2  
  46  5:24  SCV  
  46  5:26  SCV  
  50  5:33  Refinery  
  50  5:37  Refinery  
  50  5:40  SCV  
  50  5:43  SCV  
  50  5:46  Supply Depot  
  50  5:47  Marine x2  
  54  5:51  Raven  
  54  5:57  SCV  
  37  6:00  SCV  
  58  6:12  Marine x2  
  58  6:14  SCV  
  58  6:16  SCV  
  58  6:18  Supply Depot  
  58  6:19  Siege Tank  
  65  6:31  SCV  
  65  6:33  SCV  
  65  6:37  Marine x2  
  69  6:48  SCV  
  70  6:50  SCV  
  70  6:51  Supply Depot  
  70  6:56  Engineering Bay  
  70  6:57  Engineering Bay  
  71  7:02  Marine x2  
  71  7:04  Siege Tank  
  71  7:05  SCV  
  71  7:07  SCV  
  78  7:17  Supply Depot  
  78  7:22  SCV  
  78  7:24  SCV  
  78  7:27  Marine x2  
  82  7:39  SCV  
  83  7:41  SCV, Stimpack  
  83  7:45  Terran Infantry Weapons Level 1, Terran Infantry Armor Level 1  
  84  7:50  Supply Depot  
  84  7:57  Command Center  
  84  8:00  Medivac  
  84  8:01  SCV x2  
  84  8:03  Barracks  
  88  8:12  Marine  
  88  8:18  SCV x2  
  91  8:22  Supply Depot  
  91  8:25  Siege Tank  
  91  8:26  Supply Depot  
  94  8:35  SCV x2  
  94  8:37  Marine  
  97  8:42  Medivac  
  99  8:52  SCV x2  
  99  8:57  Refinery  
  99  8:59  Supply Depot, Armory  
  101  9:03  Refinery  
  101  9:04  Marine  
  101  9:09  SCV x2  
  104  9:10  Marine x2  
  104  9:18  Barracks x2  
  106  9:26  SCV x2  
  108  9:31  Supply Depot  
  108  9:32  Siege Tank, Marine  
  113  9:40  Orbital Command  
  113  9:42  SCV  
  113  9:43  SCV  
  114  9:51  Marine x2  
  114  9:53  Starport Reactor  
  114  9:57  Marine  
  117  10:00  SCV x2  
  117  10:02  Supply Depot  
  117  10:08  Supply Depot, Terran Vehicle And Ship Armor Level 1  
  119  10:13  Siege Tank x2  
  119  10:15  SCV  
  119  10:16  Marine x2  
  119  10:17  SCV x2, Siege Tank  
  127  10:22  Marine  
  127  10:26  Terran Infantry Armor Level 2, Terran Infantry Weapons Level 2  
  128  10:31  Unknown  
  128  10:32  Barracks Reactor x2  
  128  10:34  SCV  
  128  10:35  Supply Depot, SCV  
  128  10:36  SCV  
  131  10:45  Supply Depot  
  131  10:47  Supply Depot  
  131  10:48  Marine  
  131  10:49  Marine  
  133  10:50  Marine  
  133  10:51  SCV  
  133  10:52  SCV  
  133  10:53  Medivac, SCV  
  133  10:55  Medivac  
  141  11:08  SCV  
  141  11:09  SCV  
  143  11:10  SCV  
  143  11:11  Siege Tank  
  143  11:12  Supply Depot  
  143  11:13  Marine  
  143  11:14  Marine  
  143  11:15  Marine  
  143  11:16  Supply Depot  
  150  11:27  Marine  
  150  11:28  Marine x3  
  150  11:29  Command Center  
  154  11:34  SCV x2  
  154  11:36  SCV  
  154  11:38  Marine  
  154  11:39  Marine  
  159  11:40  Marine  
  159  11:49  Medivac x2  
  164  11:51  SCV x2  
  164  11:52  SCV, Marine x3  
  164  11:53  Marine  
  171  12:03  Marine  
  171  12:04  Marine  
  171  12:05  Marine  
  177  12:14  Siege Tank  
  177  12:23  Refinery, Marine x4  
  177  12:25  Refinery  
  177  12:27  Concussive Shells  
  177  12:28  Marine  
  177  12:29  Marine  
  183  12:30  Marine  
  183  12:35  Barracks  
  183  12:36  Barracks  
  184  12:45  Barracks  
  184  12:47  Barracks  
  184  12:48  Barracks  
  184  12:51  Marine  
  184  12:52  Marine x3  
  184  12:53  Barracks, Marine  
  184  12:57  Marine x2  
  191  13:17  Marine, Siege Tank  
  191  13:18  Marine x4  
  199  13:32  Planetary Fortress  
  199  13:47  Barracks Reactor x2  
  199  13:50  Barracks Reactor  
  199  13:52  Barracks Reactor  
  199  13:53  Barracks Reactor  
  199  13:58  Barracks Reactor  
  199  14:02  Missile Turret  
  199  14:04  Missile Turret  
  199  14:08  Missile Turret  
  199  14:09  Missile Turret  
  199  14:17  Command Center  
  199  14:19  Command Center  
  199  14:24  Sensor Tower  
  199  14:27  Sensor Tower  
  200  14:40  Sensor Tower  
  200  14:43  Missile Turret  
  200  14:45  Missile Turret  
Tags
 
Add a new tag
Caveats
  • Supply blocks, unpowered buildings, or Contaminate may cause inaccurate times.
  • Supply counts are checked every 10 seconds.